 Dungeon Crawl Stone Soup version 0.22.1-6-g1668fe2 (webtiles) character file.

151 Fang the Chopper (level 5, -11/33 HPs)
             Began as a Gargoyle Berserker on Jan 17, 2019.
             Was a Believer of Trog.
             Mangled by an ice beast (12 damage)
             ... on level 3 of the Dungeon.
             The game lasted 00:03:04 (1609 turns).

Fang the Chopper (Gargoyle Berserker)               Turns: 1609, Time: 00:03:04

Health: -11/33     AC:  6    Str: 22    XL:     5   Next: 33%
Magic:  5/5        EV: 12    Int:  7    God:    Trog [**....]
Gold:   136        SH:  0    Dex:  9    Spells: 4/4 levels left

rFire    . . .     SeeInvis .   a - +0 hand axe
rCold    . . .     Gourm    .   (no shield)
rNeg     + . .     Faith    .   b - +0 animal skin
rPois    ∞         Spirit   .   (no helmet)
rElec    +         Reflect  .   (no cloak)
rCorr    .         Harm     .   (no gloves)
MR       .....                  (no boots)
Stlth    +.........             (no amulet)
HPRegen  0.11/turn              (no ring)
MPRegen  0.09/turn              (no ring)

@: berserk cooldown, flying
A: negative energy resistance 1, electricity resistance, unbreathing,
petrification resistance, rot immunity, AC +4
a: Berserk, Trog's Hand, Renounce Religion


You were on level 3 of the Dungeon.
You worshipped Trog.
Trog was pleased with you.
You were hungry.

You visited 1 branch of the dungeon, and saw 3 of its levels.

You collected 136 gold pieces.

Inventory:

Hand Weapons
 a - a +0 hand axe (weapon)
Armour
 b - a +0 animal skin (worn)
Scrolls
 d - a scroll of fear {unknown}
 e - 4 scrolls of identify {unknown}
 g - a scroll of amnesia {unknown}
 i - a scroll of immolation {unknown}
 k - a scroll of noise {unknown}
 l - 2 scrolls of enchant armour {unknown}
Potions
 f - a potion of brilliance {unknown}
 j - a potion of degeneration {unknown}
 m - a potion of lignification {unknown}
Comestibles
 c - 7 rations
 n - 3 chunks of flesh


   Skills:
 + Level 4.0 Fighting
 + Level 4.2 Axes
 + Level 2.3 Armour
 + Level 2.5 Dodging
 + Level 0.5 Stealth


You had 4 spell levels left.
You didn't know any spells.
Your spell library was empty.

Dungeon Overview and Level Annotations

Branches:
Dungeon (3/15)

Altars:
Ashenzari
Cheibriados
Gozag
Qazlal
Ru


Innate Abilities, Weirdness & Mutations

You are resistant to torment.
Your stone body is resilient. (AC +4)
You are immune to poison.
You resist negative energy. (rN+)
You are resistant to electric shocks. (rElec)
You can survive without breathing.
You are immune to petrification.
You are immune to rotting.


Message History

You hit the orc.
The orc is heavily wounded.
You hit the ice beast. The orc barely misses you. The ice beast hits you.
The ice beast freezes you!
* * * LOW HITPOINT WARNING * * *
You barely miss the orc.
The orc is heavily wounded.
You hit the ice beast. The orc barely misses you.
The ice beast hits you but does no damage.
You slash the orc!
You kill the orc!
Trog accepts your kill.
You hit the ice beast. The ice beast barely misses you.
Unknown command.
It was a potion of flight.
You feel very buoyant.
You fly up into the air.
The ice beast hits you.
* * * LOW HITPOINT WARNING * * *
The ice beast freezes you!
You die...

###.############.#....
.(....................
.###......###...#....
#...)..#...###.(..
#........### ####.
#<.....### . #......#
#.Y)..(# #@[....##
######..######.
##........ #....####
#...#### #......
#......... #..........
#...........


You could see an ice beast.

Vanquished Creatures
  A phantom (D:3)
  An adder (D:2)
  A worm (D:2)
  2 dart slugs
  2 leopard geckos (D:1)
  2 orcs (D:3)
  A giant cockroach (D:1)
  5 hobgoblins
  2 jackals (D:1)
  6 bats
  4 frilled lizards (D:2)
  2 goblins (D:1)
  8 kobolds
  13 rats
50 creatures vanquished.

Notes
Turn   | Place    | Note
-------+----------+-------------------------------------------
     0 | D:1      | Fang the Gargoyle Berserker began the quest for the Orb.
     0 | D:1      | Reached XP level 1. HP: 14/14 MP: 1/1
    65 | D:1      | Reached XP level 2. HP: 17/19 MP: 2/2
   446 | D:1      | Reached ** piety under Trog
   449 | D:1      | Reached XP level 3. HP: 16/24 MP: 3/3
  1241 | D:2      | Found a snail-covered altar of Cheibriados.
  1242 | D:2      | Found a sacrificial altar of Ru.
  1245 | D:2      | Found a shattered altar of Ashenzari.
  1246 | D:2      | Found a stormy altar of Qazlal.
  1247 | D:2      | Found an opulent altar of Gozag.
  1261 | D:2      | Reached XP level 4. HP: 13/29 MP: 4/4
  1553 | D:3      | Noticed a phantom
  1586 | D:3      | Killed a phantom
  1586 | D:3      | Reached XP level 5. HP: 25/33 MP: 5/5
  1586 | D:3      | Noticed an ice beast
  1609 | D:3      | HP: 1/33 [ice beast (4)]
  1609 | D:3      | Mangled by an ice beast

Skill      XL: |  1  2  3  4 |
---------------+-------------+-----
Axes           | 3 4 |  4.2
Dodging        | 2 |  2.5
Fighting       | 4 |  4.0
Armour         | |  2.3
Stealth        | |  0.5

Action                   |  1- 3 |  4- 6 || total
-------------------------+-------+-------++-------
Melee: Hand axe          |    79 |    34 ||   113
Invok: Berserk           |     2 |     1 ||     3
  Use: Potion            |       |     1 ||     1
  Eat: Chunk             |     2 |     2 ||     4
Armor: Animal skin       |    24 |    23 ||    47
Dodge: Dodged            |    72 |    38 ||   110
